 Dungeon Crawl Stone Soup version 0.30.1-3-gfc49f6343a (webtiles) character file.

Game seed: 2061084924558756842

70371 Peloso the Bludgeoner (level 14, -2/133 HPs)
             Began as a Minotaur Fighter on July 26, 2023.
             Was a High Priest of Okawaru.
             Slain by an ice devil (23 damage)
             ... summoned by an orc sorcerer
             ... on level 2 of the Orcish Mines.
             The game lasted 00:43:32 (17922 turns).

Peloso the Bludgeoner (Minotaur Fighter)           Turns: 17922, Time: 00:43:32

Health: -2/133     AC:  5    Str: 23    XL:     14   Next: 93%
Magic:  15/15      EV: 13    Int: 13    God:    Okawaru [*****.]
Gold:   1664       SH:  8    Dex: 19    Spells: 13/13 levels left

rFire   . . .        b - +6 mace of Agony {holy, *Noise rElec Int+8 Stlth+}
rCold   . . .        d - +0 buckler
rNeg    + . .        s - +0 chain mail
rPois   +            W - +1 hat {Will+}
rElec   +            p - scarf of Mirth {shadows, rPois rN+}
rCorr   .            G - +0 pair of gloves
SInv    +            I - +0 pair of boots
Will    +++..        f - amulet of regeneration
Stlth   +            T - ring "Raopp" {Will+ SInv}
HPRegen 1.22/turn    P - +6 ring of dexterity
MPRegen 0.14/turn

%: no passive effects
@: lethally poisoned (-2 -> -3), corroded, studying Stealth
A: horns 2, retaliatory headbutt, mutation resistance 1
a: Renounce Religion, Heroism, Finesse, Duel


You were on level 2 of the Orcish Mines.
You worshipped Okawaru.
Okawaru was extremely pleased with you.
You visited 4 branches of the dungeon, and saw 19 of its levels.
You also visited: Gauntlet.

You collected 1664 gold pieces.

Inventory:

Hand Weapons
 a - a +0 double sword of venom
 b - the +6 mace of Agony (weapon) {holy, *Noise rElec Int+8 Stlth+}
   (You found it on level 3 of the Dungeon)

   Int:       It affects your intelligence (+8).
   rElec:     It insulates you from electricity.
   *Noise:    It may make noises in combat.
   Stlth:     It makes you more stealthy.
 c - a +4 scimitar of flaming
Armour
 d - a +0 buckler (worn)
 p - the scarf of Mirth (worn) {shadows, rPois rN+}
   (Okawaru gifted it to you on level 13 of the Dungeon)

   rPois:     It protects you from poison.
   rN:        It protects you from negative energy.
 s - a +0 chain mail (worn)
 G - a +0 pair of gloves (worn)
 I - a +0 pair of boots (worn)
 W - a +1 hat of willpower (worn)
Jewellery
 f - an amulet of regeneration (around neck)
 N - a ring of protection from fire
 P - a +6 ring of dexterity (right hand)
 Q - a ring of flight
 T - the ring "Raopp" (left hand) {Will+ SInv}
   (You found it in a Gauntlet)

   [ring of see invisible]

   SInv:      It lets you see invisible.
   Will:      It increases your willpower.
Wands
 L - a wand of digging (4)
Scrolls
 k - 3 scrolls of magic mapping
 o - 3 scrolls of immolation
 t - 3 scrolls of blinking
 y - 2 scrolls of poison
 z - a scroll of fear
 B - 3 scrolls of teleportation
Potions
 i - 7 potions of curing
 n - a potion of berserk rage
 q - 3 potions of flight
 u - a potion of heal wounds
 E - a potion of might
 K - a potion of degeneration {unknown}
 M - 2 potions of invisibility {unknown}
 Y - a potion of haste


   Skills:
 + Level 14.7 Fighting
 + Level 5.0 Long Blades
 + Level 15.8 Maces & Flails
 + Level 14.9 Armour
 + Level 7.8 Dodging
 + Level 2.0 Stealth
 + Level 11.8 Shields
 + Level 3.4 Invocations
 + Level 1.1 Evocations


You had 13 spell levels left.
You didn't know any spells.
Your spell library contained the following spells:

 Spells                   Type           Power      Damage    Failure   Level
 Apportation              Tloc           0%         N/A       77%         1
 Magic Dart               Conj           0%         1d3       77%         1
 Necrotise                Necr           0%         1d4       77%         1
 Slow                     Hex            0%         N/A       77%         1
 Ensorcelled Hibernation  Hex/Ice        0%         N/A       88%         2
 Searing Ray              Conj           0%         2d4       88%         2
 Confusing Touch          Hex            0%         N/A       98%         3
 Dazzling Flash           Conj/Hex       0%         N/A       98%         3
 Gell's Gravitas          Tloc           0%         N/A       98%         3
 Spider Form              Tmut/Pois      0%         N/A       98%         3
 Stone Arrow              Conj/Erth      0%         3d7       98%         3
 Teleport Other           Tloc           0%         N/A       98%         3
 Vampiric Draining        Necr           0%         2d6       98%         3
 Volatile Blastmotes      Fire/Tloc      0%         2d10      98%         3
 Anguish                  Hex/Necr       0%         N/A       100%        4
 Fulminant Prism          Conj/Hex       0%         3d5       100%        4
 Iskenderun's Mystic Bla  Conj/Tloc      0%         2d3       100%        4
 Dispersal                Tloc           0%         N/A       100%        6
 Starburst                Conj/Fire      0%         6d3       100%        6
 Lehudib's Crystal Spear  Conj/Erth      0%         10d2      100%        8
 Summon Small Mammal      Summ           Unusable   N/A       N/A         1
 Animate Armour           Summ/Erth      Unusable   N/A       N/A         4

Dungeon Overview and Level Annotations

Branches:
Dungeon (13/15)            Temple (1/1) D:7            Lair (3/5) D:11
 Shoals (0/4) Lair:2       Spider (0/4) Lair:3          Orc (2/2) D:12
    Elf (0/3) Orc:2        Vaults (0/5) D:13        Gauntlet (visited)

Altars:
Ashenzari
Cheibriados
Dithmenos
Elyvilon
Fedhas
Gozag
Kikubaaqudgha
Makhleb
Nemelex Xobeh
Okawaru
Qazlal
Ru
Sif Muna
Trog
Uskayaw
Vehumet
Wu Jian
Yredelemnul
Zin
The Shining One

Shops:
D:5 ?   D:9 =   D:10 ::   D:11 [

Portals:
Abyss: D:5

Annotations:
D:3 1 runed translucent door, ripuliukko's ghost, weakling DEEE
D:4 1 runed translucent door
D:5 2 transporters, kij's ghost, novice MiBe
D:7 2 transporters, 1 runed translucent door, Crazy Yiuf; nawrastar's ghost, novice MiFi
Orc:1 3 runed translucent doors, tatocazan's ghost, journeyman MiFi


Innate Abilities, Weirdness & Mutations

You have a pair of horns on your head.
You reflexively headbutt those who attack you in melee.
You are somewhat resistant to further mutation.


Message History

You sock the rust devil!
The rust devil convulses!
The rust devil is severely wounded.
You block the ice devil's attack. The hellwing closely misses you.
You furiously retaliate!
You headbutt the hellwing. The hellwing misses you.
Unknown command.
You hit the orc sorcerer. Your headbutt misses the orc sorcerer.
The orc sorcerer is moderately wounded.
The orc priest calls upon Beogh to heal the orc sorcerer.
The orc sorcerer is healed somewhat.
The orc sorcerer hits you but does no damage.
You are poisoned.
The rust devil hits you. The rust devil corrodes you!
You block the hellwing's attack. The hellwing closely misses you.
The ice devil hits you! The ice devil freezes you!!
You hit the orc sorcerer but do no damage.
You headbutt the orc sorcerer, but do no damage.
The orc sorcerer is moderately wounded.
You feel sick.
The orc sorcerer hits you with a +0 dagger of venom.
The rust devil hits you.
* * * LOW HITPOINT WARNING * * *
The rust devil corrodes you!
You hit the orc sorcerer but do no damage.
You headbutt the orc sorcerer, but do no damage.
The orc sorcerer is moderately wounded.
You feel sick. You block the ice devil's attack. The hellwing hits you!
* * * LOW HITPOINT WARNING * * *
You block the hellwing's attack.
The orc sorcerer hits you with a +0 dagger of venom.
* * * LOW HITPOINT WARNING * * *
You hit the orc sorcerer but do no damage.
Your mace of Agony cries out!
The orc sorcerer is moderately wounded.
You feel sick.
You hear a shout! x7
The rust devil completely misses you. You furiously retaliate!
You headbutt the rust devil. The ice devil hits you.
* * * LOW HITPOINT WARNING * * *
The ice devil freezes you!!
You die...

#............# #.............
#............# #...o.........
#...o........# #..)o........#
#.))o.........
####################[.#..........
.#.............4@4o))..).8...8...
##.............4o#)#..[.###'###.#
........#.#.#))o#.......#.....#.#
...#....##.#.[).[[.[....#.._..#..
....#......[[[[[.....).##.....#.#
.#.##......<).....###[###########
######.....)[)[....[)###.....## #
#...#.#..........#.......##
##..##..........#[[.......##


You could see a hellwing (summoned), an ice devil (summoned), a rust devil
(summoned), an orc sorcerer and 2 orc priests.

Vanquished Creatures
  A minotaur (Gauntlet)
  Harold (D:11)
  3 centaur warriors (D:13)
  2 two-headed ogres
  2 boulder beetles (D:11)
  2 dancing weapons (D:13)
  5 death yaks (Lair:2)
  3 orc high priests (Orc:2)
  Urug (Lair:3)
  Sonja (Lair:3)
  A skyshark (Lair:3)
  2 orc knights (Orc:2)
  A deep elf pyromancer (D:12)
  An orc sorcerer (Orc:2)
  A wolf spider (D:12)
  3 cyclopes
  8 elephants (Lair:2)
  A manticore (D:13)
  Maurice (D:11)
  A torpor snail (Lair:1)
  A gargoyle (D:11)
  3 cane toads
  A rime drake (Lair:2)
  2 unseen horrors
  An efreet (D:13)
  3 komodo dragons
  An ice devil (Gauntlet)
  A polar bear (Lair:3)
  10 trolls
  2 queen bees
  3 meliai (Gauntlet)
  7 blink frogs
  Prince Ribbit (D:5)
  4 dream sheep (Lair:1)
  5 water elementals (D:12)
  3 shadows
  2 wyverns (D:11)
  16 yaks
  2 basilisks (Lair:3)
  3 wraiths
  Eustachio (D:4)
  12 vampire mosquitoes
  2 wargs
  Edmund (D:4)
  2 acid dragons
  8 water moccasins
  A sky beast (D:8)
  2 elephant zombies (Lair:3)
  19 orc warriors
  10 ogres
  4 wolves (Lair:1)
  9 centaurs
  3 phantoms
  A komodo dragon zombie (Lair:3)
  A kobold brigand (D:9)
  6 scorpions
  10 bullfrogs
  3 wights (D:9)
  2 troll zombies (D:12)
  50 killer bees
  5 electric eels
  3 howler monkeys
  2 basilisk zombies (Lair:3)
  8 hounds
  4 jellies
  A gnoll bouda (D:5)
  21 orc priests
  A human zombie (D:4)
  7 hell rats (Lair:2)
  7 iguanas
  17 orc wizards
  4 ogre zombies (D:12)
  6 gnolls
  6 adders
  6 white imps
  An ufetubus (D:6)
  3 worms
  3 dart slugs
  64 orcs
  6 bats
  8 endoplasms
  7 giant cockroaches
  10 goblins
  7 hobgoblins
  4 jackals (D:1)
  11 kobolds
  2 quokkas
  6 ball pythons
  4 frilled lizards
  2 goblin zombies (D:12)
  A hobgoblin zombie (D:12)
  2 orc skeletons (D:12)
  14 orc zombies (D:12)
  4 rats
516 creatures vanquished.

Vanquished Creatures (others)
  An orc (Orc:2)
1 creature vanquished.

Grand Total: 517 creatures vanquished

Notes
Turn   | Place    | Note
-------+----------+-------------------------------------------
     0 | D:1      | Peloso the Minotaur Fighter began the quest for the Orb.
     0 | D:1      | Reached XP level 1. HP: 19/19 MP: 0/0
   308 | D:1      | Reached XP level 2. HP: 27/27 MP: 1/1
   422 | D:1      | Gained mutation: You are somewhat resistant to further
                  | mutation. [potion of mutation]
   574 | D:1      | Reached XP level 3. HP: 31/33 MP: 2/2
  1261 | D:2      | Reached skill level 1 in Dodging
  1668 | D:2      | Reached XP level 4. HP: 38/41 MP: 3/3
  2122 | D:3      | Identified the +6 mace of Agony {holy, *Noise rElec Int+8
                  | Stlth+}
  2172 | D:3      | Found a runed translucent door.
  2418 | D:3      | Noticed ripuliukko's ghost (weakling DEEE)
  2441 | D:3      | Noticed an ogre
  2449 | D:3      | Killed an ogre
  2450 | D:3      | Reached skill level 1 in Maces & Flails
  2450 | D:3      | Reached XP level 5. HP: 15/47 MP: 4/4
  2630 | D:3      | Found a faded altar of an unknown god.
  2804 | D:4      | Noticed an ogre
  2810 | D:4      | Killed an ogre
  2811 | D:4      | Reached skill level 5 in Fighting
  2811 | D:4      | Reached skill level 2 in Maces & Flails
  2811 | D:4      | Reached XP level 6. HP: 5/56 MP: 5/5
  2888 | D:4      | Noticed Edmund
  2906 | D:4      | Killed Edmund
  2907 | D:4      | Reached skill level 5 in Long Blades
  2907 | D:4      | Reached skill level 3 in Maces & Flails
  2961 | D:4      | Noticed Eustachio
  3020 | D:4      | Killed Eustachio
  3021 | D:4      | Reached skill level 4 in Maces & Flails
  3021 | D:4      | Reached XP level 7. HP: 55/61 MP: 6/6
  3121 | D:4      | Found a hide-covered altar of Uskayaw.
  3134 | D:4      | Reached skill level 5 in Maces & Flails
  3164 | D:4      | Found an ornate altar of the Wu Jian Council.
  3460 | D:4      | Found a runed translucent door.
  3460 | D:4      | Noticed a human
  3467 | D:4      | Found a basalt altar of Yredelemnul.
  3590 | D:4      | Found a shimmering blue altar of Sif Muna.
  3598 | D:4      | Found an ancient bone altar of Kikubaaqudgha.
  3616 | D:4      | Reached skill level 5 in Armour
  3729 | D:5      | Entered Level 5 of the Dungeon
  3751 | D:5      | Reached skill level 6 in Maces & Flails
  3825 | D:5      | Reached XP level 8. HP: 70/70 MP: 7/7
  3840 | D:5      | Found a radiant altar of Vehumet.
  3855 | D:5      | Reached skill level 7 in Maces & Flails
  3984 | D:5      | Found a transporter.
  3998 | D:5      | Found a one-way gate to the infinite horrors of the Abyss.
  3998 | D:5      | Noticed kij's ghost (novice MiBe)
  4005 | D:5      | Noticed Prince Ribbit
  4019 | D:5      | Killed Prince Ribbit
  4020 | D:5      | Reached skill level 8 in Maces & Flails
  4061 | D:5      | Found a transporter.
  4180 | D:5      | Found a sacrificial altar of Ru.
  4186 | D:5      | Reached skill level 5 in Shields
  4351 | D:5      | Found Topor's Magic Scroll Shop.
  4731 | D:6      | Found an opulent altar of Gozag.
  4817 | D:6      | Found a shadowy altar of Dithmenos.
  4911 | D:6      | Reached skill level 9 in Maces & Flails
  4959 | D:6      | Reached XP level 9. HP: 78/78 MP: 8/8
  4971 | D:6      | Found a burning altar of Makhleb.
  5553 | D:7      | Found a transporter.
  5557 | D:7      | Noticed nawrastar's ghost (novice MiFi)
  5557 | D:7      | Noticed a moth of wrath
  5596 | D:7      | Found a transporter.
  5698 | D:7      | Found a runed translucent door.
  5699 | D:7      | Noticed Crazy Yiuf
  6065 | D:7      | Found a staircase to the Ecumenical Temple.
  6178 | Temple   | Entered the Ecumenical Temple
  6221 | Temple   | Became a worshipper of Warmaster Okawaru
  6280 | D:8      | Reached skill level 10 in Maces & Flails
  6284 | D:8      | Reached skill level 1 in Stealth
  6325 | D:8      | Reached * piety under Okawaru
  6558 | D:8      | Reached skill level 11 in Maces & Flails
  6723 | D:8      | Reached XP level 10. HP: 69/88 MP: 9/9
  6724 | D:8      | Reached ** piety under Okawaru
  7598 | D:9      | Found Zegy's Jewellery Shoppe.
  7635 | D:9      | Noticed a two-headed ogre
  7645 | D:9      | Killed a two-headed ogre
  7921 | D:9      | Reached skill level 12 in Maces & Flails
  8038 | D:10     | Entered Level 10 of the Dungeon
  8040 | D:10     | Noticed a two-headed ogre
  8059 | D:10     | Killed a two-headed ogre
  8059 | D:10     | Reached *** piety under Okawaru
  8124 | D:10     | Found Itzos's Book Boutique.
  8299 | D:10     | Found Mamonet's Vocational Training.
  8422 | D:10     | Found a broken altar of Ashenzari.
  8520 | D:10     | Reached skill level 10 in Armour
  8524 | D:10     | Found a white marble altar of Elyvilon.
  8560 | D:10     | Identified the +1 dagger "Demonbane" {drain, Str+3}
  8621 | D:10     | Reached XP level 11. HP: 96/97 MP: 10/10
  8627 | D:10     | Reached **** piety under Okawaru
  8832 | D:10     | Found a blossoming altar of Fedhas.
  8961 | D:11     | Noticed a boulder beetle
  9054 | D:11     | Killed a boulder beetle
  9144 | D:11     | Reached skill level 13 in Maces & Flails
  9158 | D:11     | Reached skill level 5 in Dodging
  9247 | D:11     | Noticed Maurice
  9248 | D:11     | Noticed Harold
  9257 | D:11     | Killed Harold
  9258 | D:11     | Reached skill level 10 in Fighting
  9279 | D:11     | Noticed a boulder beetle
  9280 | D:11     | Killed Maurice
  9316 | D:11     | Killed a boulder beetle
  9424 | D:11     | Found a staircase to the Lair.
  9669 | D:11     | Found Pugach's Armour Shop.
  9925 | D:12     | Noticed a wolf spider
  9935 | D:12     | Killed a wolf spider
  9936 | D:12     | Reached skill level 1 in Invocations
 10016 | D:12     | Noticed a deep elf pyromancer
 10036 | D:12     | Killed a deep elf pyromancer
 10036 | D:12     | Reached ***** piety under Okawaru
 10118 | D:12     | Received a gift from Okawaru
 10129 | D:12     | Reached skill level 14 in Maces & Flails
 10231 | D:12     | Reached XP level 12. HP: 104/108 MP: 12/12
 10278 | D:12     | Found a staircase to the Orcish Mines.
 10809 | Lair:1   | Entered Level 1 of the Lair of Beasts
 10815 | Lair:1   | Found a gate leading to a gauntlet.
 10831 | Gauntlet | Entered a Gauntlet
 10831 | Gauntlet | Found a transporter.
 10831 | Gauntlet | Found a runed translucent gate.
 10831 | Gauntlet | Found a transporter.
 10839 | Gauntlet | Found a transporter.
 10843 | Gauntlet | Found a transporter.
 10849 | Gauntlet | Noticed a tengu warrior
 10862 | Gauntlet | Found a transporter.
 10863 | Gauntlet | Found a transporter.
 10875 | Gauntlet | Found a transporter.
 10892 | Gauntlet | Found a transporter.
 10909 | Gauntlet | Found a transporter.
 10910 | Gauntlet | Found a transporter.
 10922 | Gauntlet | Found a transporter.
 10926 | Gauntlet | Found a transporter.
 10928 | Gauntlet | Found a runed translucent gate.
 10928 | Gauntlet | Found a runed translucent gate.
 11529 | Gauntlet | Identified the ring "Raopp" {Will+ SInv}
 11588 | Gauntlet | Noticed a minotaur
 11600 | Gauntlet | Killed a minotaur
 11600 | Gauntlet | Received a gift from Okawaru
 12671 | Lair:2   | Noticed a death yak
 12690 | Lair:2   | Killed a death yak
 12767 | Lair:2   | Noticed a death yak
 12767 | Lair:2   | Noticed a death yak
 12768 | Lair:2   | Noticed a death yak
 12771 | Lair:2   | Noticed a death yak
 12795 | Lair:2   | Killed a death yak
 12802 | Lair:2   | Killed a death yak
 12809 | Lair:2   | Killed a death yak
 12826 | Lair:2   | Killed a death yak
 12934 | Lair:2   | Found a staircase to the Shoals.
 13229 | Lair:2   | Reached XP level 13. HP: 75/117 MP: 13/13
 13230 | Lair:2   | Reached skill level 10 in Shields
 13965 | Lair:3   | Found a hole to the Spider Nest.
 14006 | Lair:2   | Reached skill level 15 in Maces & Flails
 14293 | Lair:3   | Noticed Sonja
 14302 | Lair:3   | Killed Sonja
 14540 | Lair:3   | Noticed Urug
 14556 | Lair:3   | Killed Urug
 15190 | D:13     | Reached skill level 1 in Evocations
 15255 | D:13     | Received a gift from Okawaru
 15335 | D:13     | Found a gate to the Vaults.
 15803 | D:13     | Identified the scarf of Mirth {shadows, rPois rN+} (Okawaru
                  | gifted it to you on level 13 of the Dungeon)
 15803 | D:13     | Received a gift from Okawaru
 16365 | Lair:1   | Reached XP level 14. HP: 132/132 MP: 13/15
 16522 | Orc:1    | Entered Level 1 of the Orcish Mines
 16942 | Orc:1    | Identified the +2 chain mail of Contentment {+Blink rC-
                  | Dex+2}
 16945 | Orc:1    | Found a runed translucent gate.
 16945 | Orc:1    | Noticed tatocazan's ghost (journeyman MiFi)
 16946 | Orc:1    | Found a runed translucent gate.
 16946 | Orc:1    | Found a runed translucent gate.
 16961 | Orc:1    | Identified the +11 rapier of With {spect, Fragile Str+4
                  | Dex+5 Stlth+}
 16988 | Orc:2    | Entered Level 2 of the Orcish Mines
 17118 | Orc:2    | Found a staircase to the Elven Halls.
 17922 | Orc:2    | Slain by an ice devil

Illustrated notes

Levels and vault maps discovered:
D:1:      dpeg_arrival_chambers_temple_mockup, layout_loops_corners,
          serial_park_tiny_pond
D:2:      layout_loops_corners, corner_web_ring
D:3:      layout_basic, hellmonk_ecumenical_altar_inner_sanctum,
          ebering_ghost_reflecting_pool
D:4:      layout_basic, nicolae_uskayaw_murder_on_the_dancefloor,
          dk_yredelemnul_ordeal, pdpol_wu_jian_five_deadly_venoms,
          mainiacjoe_overflow_large_starburst, uniq_eustachio, uniq_edmund
D:5:      layout_basic, nicolae_ru_great_annihilating_truth,
          mainiacjoe_overflow_chevrons, serial_shops,
          nicolae_shop_back_alley_shop, gammafunk_ghost_abyssal_escape,
          chequers_garden, uniq_prince_ribbit1
D:6:      layout_loops_cross, mainiacjoe_overflow_small_starburst,
          mainiacjoe_overflow_alcove_1, chequers_serial_rivers_large_a,
          minmay_ruined_shrine
D:7:      layout_basic, minmay_temple_entry_drinking_statues,
          gammafunk_ghost_berserking_beasts, minmay_misc_feat_iff,
          nrook_mini_backslash, uniq_crazy_yiuf_cottage
D:8:      layout_basic, serial_co_window_serial, co_window_of_opportunity_a,
          co_window_paths_a, co_window_paths_a, co_window_corner_a,
          co_window_corner_a, co_window_broadway_b, co_window_of_opportunity_c,
          co_window_broadway_b, co_window_2corner, co_window_paths_c,
          co_window_4corner_b, glass_columns_a, glass_columns_b, glass_columns_b
D:9:      layout_rooms, serial_curves, eino_curves_03, eino_curves_02,
          serial_shops, nicolae_shop_gaudy_bauble
D:10:     layout_long_grid, old_standard_altar,
          mainiacjoe_overflow_catch_the_wave, serial_shops, shop,
          nicolae_shop_vocational
D:11:     layout_irregular_city, lair_entry_dummy, serial_shops,
          nicolae_shop_statue_plus, uniq_harold, uniq_maurice
D:12:     layout_basic, zombieorc1_lemuel
D:13:     layout_basic, erik_vaults_1
Temple:   compressed_dpeg_circular_temple
Lair:1:   layout_hall_layers, gauntlet_entry_generic, serial_bayou_pond_d,
          minivault_25
Lair:2:   layout_cave_pods, elwin_shoals_entry_rocks, special_room
          [special_room_bee]
Lair:3:   pond_and_an_island_with_a_cottage, layout_cellular_growth,
          nicolae_spider_entry_non_spiders, nicolae_lair_grove_arrangements,
          uniq_urug, uniq_sonja
Orc:1:    layout_diamond_mine, biasface_ghost_orc_armoury
Orc:2:    st_orc_congregation, layout_caves, minmay_orc_temple_a

Skill      XL: |  1  2  3  4  5  6  7  8  9 10 11 12 13 |
---------------+----------------------------------------+-----
Fighting       | 4 5 6 7 9 10 12 14 | 14.7
Long Blades    | 3 4 5 |  5.0
Armour         | 4 5 6 8 10 11 13 14 | 14.9
Dodging        | 1 2 3 4 5 6 7 |  7.8
Shields        | 4 5 6 8 9 11 | 11.8
Maces & Flails | 1 2 4 6 9 11 12 14 15 | 15.8
Stealth        | 1 2 |  2.0
Invocations    | 1 2 3 |  3.4
Evocations     | 1 |  1.1

Action                     |  1- 3 |  4- 6 |  7- 9 | 10-12 | 13-15 || total
---------------------------+-------+-------+-------+-------+-------++-------
  Melee: Long sword        |   100 |    17 |       |       |       ||   117
         Headbutt          |     9 |    13 |    47 |   178 |   180 ||   427
         Mace              |       |    75 |   272 |   726 |   649 ||  1722
 Invoke: Heroism           |       |       |       |    19 |     4 ||    23
  Evoke: Wand              |       |       |       |     2 |     6 ||     8
    Use: Potion            |     3 |       |       |     3 |     2 ||     8
         Scroll            |     3 |       |       |    19 |     3 ||    25
   Stab: Paralysed         |       |       |     1 |       |       ||     1
 Armour: Scale mail        |    65 |    14 |       |       |       ||    79
         Chain mail        |       |    25 |   100 |   322 |   272 ||   719
  Dodge: Dodged            |    58 |    30 |    85 |   373 |   373 ||   919
  Block: Buckler           |    28 |    23 |    44 |   223 |   296 ||   614
